 Dungeon Crawl Stone Soup version 0.30-a0-1157-g2cc9ac7196 (webtiles) character file.

Game seed: 10323988010124870158

5918 Pimp the Geomancer (level 10, 0/50 HPs)
             Began as a Gargoyle Earth Elementalist on Apr 24, 2023.
             Was a Follower of Vehumet.
             Splashed by a brown ugly thing's acid (10 damage)
             ... on level 9 of the Dungeon.
             The game lasted 00:34:22 (9829 turns).

Pimp the Geomancer (Gargoyle Earth Elementalist)    Turns: 9829, Time: 00:34:22

Health: 0/50       AC: 11    Str: 12    XL:     10   Next: 83%
Magic:  12/20      EV: 13    Int: 20    God:    Vehumet [*.....]
Gold:   1525       SH:  0    Dex: 10    Spells: 16/22 levels left

rFire   . . .        e - staff of earth
rCold   . . .        (no shield)
rNeg    + . .        a - +2 robe
rPois   ∞            h - +0 helmet
rElec   +            t - +1 cloak
rCorr   .            l - +0 pair of gloves
SInv    .            (no boots)
Will    .....        (no amulet)
Stlth   ++++         (no ring)
HPRegen 0.28/turn    (no ring)
MPRegen 0.17/turn

%: no passive effects
@: corroded
A: sickness immunity, AC +7, negative energy resistance 1, electricity
resistance, torment resistance 1, petrification resistance
a: Renounce Religion


You were on level 9 of the Dungeon.
You worshipped Vehumet.
Vehumet was aware of your devotion.
You visited 2 branches of the dungeon, and saw 10 of its levels.
You also visited: Sewer.

You collected 1525 gold pieces.

Inventory:

Hand Weapons
 p - a +5 dire flail of holy wrath
 y - the +4 long sword "Zagh" {venom, rF+ rC- Will++ Dex+3}
   (You found it on level 6 of the Dungeon)

   Dex:       It affects your dexterity (+3).
   rF:        It protects you from fire.
   rC:        It makes you vulnerable to cold.
   Will:      It greatly increases your willpower.
 B - the +3 long sword "Death Rattle" {heavy, *Slow rPois rN+ Dex+3}
   (You found it on level 7 of the Dungeon)

   Dex:       It affects your dexterity (+3).
   rPois:     It protects you from poison.
   rN:        It protects you from negative energy.
   *Slow:     It may slow you when you take damage.
 D - a +1 dagger of venom
 H - a +2 hand axe of flaming
Missiles
 i - 2 throwing nets
Armour
 a - a +2 robe (worn)
 h - a +0 helmet (worn)
 l - a +0 pair of gloves (worn)
 t - a +1 cloak (worn)
Magical Staves
 e - a staff of earth (weapon)
Jewellery
 E - a ring of ice
Wands
 d - a wand of flame (13)
 g - a wand of roots (35)
 G - a wand of digging (5)
Scrolls
 b - 8 scrolls of teleportation
 c - a scroll of fear
 f - a scroll of noise
 r - 2 scrolls of amnesia
 s - 3 scrolls of poison
 w - a scroll of fog {unknown}
 C - a scroll of identify
 F - a scroll of torment {unknown}
Potions
 j - a potion of attraction
 k - a potion of cancellation
 m - a potion of berserk rage {unknown}
 n - 8 potions of flight
 o - 3 potions of heal wounds
 q - 2 potions of lignification
 u - 3 potions of curing {unknown}
 v - 2 potions of brilliance {unknown}
 x - a potion of mutation {unknown}
 z - a potion of degeneration {unknown}
 A - a potion of haste


   Skills:
 + Level 6.1 Dodging
 + Level 8.7 Stealth
 + Level 6.8 Spellcasting
 + Level 6.0 Transmutations
 + Level 9.3 Earth Magic


You had 16 spell levels left.
You knew the following spells:

 Your Spells              Type           Power      Damage    Failure   Level
a - Sandblast             Erth           100%       2d20      1%          1
b - Stone Arrow           Conj/Erth      76%        3d11      4%          3
c - Passwall              Tmut/Erth      45%        N/A       1%          2

Your spell library contained the following spells:

 Spells                   Type           Power      Damage    Failure   Level
 Foxfire                  Conj/Fire      24%        2x1d5     10%         1
 Petrify                  Tmut/Erth      54%        N/A       4%          4
 Apportation              Tloc           12%        N/A       10%         1
 Necrotise                Necr           24%        1d5       10%         1
 Summon Small Mammal      Summ           24%        N/A       10%         1
 Lesser Beckoning         Tloc           12%        N/A       14%         2
 Call Canine Familiar     Summ           6%         N/A       28%         3
 Frozen Ramparts          Ice            12%        1d2       28%         3
 Gell's Gravitas          Tloc           6%         N/A       28%         3
 Summon Guardian Golem    Hex/Summ       6%         N/A       28%         3
 Teleport Other           Tloc           6%         N/A       28%         3
 Ice Form                 Ice/Tmut       18%        N/A       28%         4
 Borgnjor's Vile Clutch   Necr/Erth      19%        N/A       36%         5
 Alistair's Intoxication  Tmut/Pois      12%        N/A       61%         5
 Summon Ice Beast         Ice/Summ       6%         N/A       67%         4
 Eringya's Noxious Bog    Tmut/Pois      9%         N/A       99%         6


Dungeon Overview and Level Annotations

Branches:
Dungeon (9/15)             Temple (1/1) D:7           Sewer (visited)
   Lair: D:8-11         Orc: D:9-12

Altars:
Elyvilon
Gozag
Hepliaklqana
Makhleb
Nemelex Xobeh
Qazlal
Sif Muna
Trog
Uskayaw
Vehumet
Yredelemnul

Shops:
D:4 *   D:8 (

Annotations:
D:8 2 transporters


Innate Abilities, Weirdness & Mutations

You are immune to sickness and miasma.
Your stone body is resilient. (AC +7)
You are immune to poison.
You resist negative energy. (rN+)
You are resistant to electric shocks. (rElec)
You are resistant to unholy torment.
You are immune to petrification.


Message History

You feel a surge of power!
The blast of sand hits the vampire mosquito!
The vampire mosquito is heavily damaged.
The vampire mosquito bites you. The vampire mosquito bites you!
A gnoll bouda comes into view.
It is wielding a +0 club and carrying a wand of mindburst (4).
Casting: Sandblast (safe; 1% risk of failure)
Confirm with . or Enter, or press ? or * to list all spells.
Aiming: Sandblast (safe; 1% risk of failure)
Press: ? - help, Shift-Dir - straight line, f/p - vampire mosquito
Aim: a vampire mosquito (heavily damaged, 76% to hit)
You feel a surge of power!
The blast of sand hits the vampire mosquito!
You destroy the vampire mosquito!
Vehumet accepts your kill.
The gnoll bouda shouts!
The brown ugly thing headbutts you but does no damage.
Your Transmutations skill increases to level 6!
Unknown command.
Casting: Sandblast (safe; 1% risk of failure)
Confirm with . or Enter, or press ? or * to list all spells.
Aiming: Stone Arrow (dangerous; 4% risk of failure)
Press: ? - help, Shift-Dir - straight line, f - brown ugly thing
Aim: a brown ugly thing (74% to hit)
You feel a surge of power!
The stone arrow hits the brown ugly thing.
The brown ugly thing is lightly wounded.
The brown ugly thing headbutts you. The acid corrodes you!
You are splashed with acid!
* * * LOW HITPOINT WARNING * * *
Casting: Stone Arrow (dangerous; 4% risk of failure)
Confirm with . or Enter, or press ? or * to list all spells.
Aiming: Stone Arrow (dangerous; 4% risk of failure)
Press: ? - help, Shift-Dir - straight line, f/p - brown ugly thing
Aim: a brown ugly thing (lightly wounded, 74% to hit)
You feel a surge of power!
The stone arrow misses the brown ugly thing.
The brown ugly thing headbutts you.
* * * LOW HITPOINT WARNING * * *
You are splashed with acid!
You die...

######....###
#########...#
#[...####...##
.......###...#
.#..#...##...#
##..##..###..#
....##.[##..#
...##..##.##
....##..##@#
#...:##..##u#
######..###.#
.####...##..#
.......###.##
......###c.#
......##..##
.........##
.......###


You could see a brown ugly thing and a centaur.

Vanquished Creatures
  A two-headed ogre (D:8)
  Pikel (D:8)
  A shadow (D:7)
  4 yaks
  Eustachio (D:6)
  2 wyverns
  A vampire mosquito (D:9)
  Edmund (D:6)
  5 water moccasins
  2 black bears
  2 ice beasts (D:5)
  3 sky beasts
  2 ogres
  2 centaurs
  A phantom (D:6)
  Blork the orc (D:4)
  2 scorpions
  4 wights (D:6)
  11 howler monkeys
  5 hounds
  3 jellies
  8 orc priests
  3 iguanas
  5 sleepcaps
  Terence (D:3)
  4 orc wizards
  A sickly merfolk siren (Sewer)
  A malarious merfolk avatar (Sewer)
  3 adders
  3 river rats
  2 shadow imps (D:5)
  An ufetubus (D:6)
  4 worms
  2 dart slugs (D:2)
  26 orcs
  8 ball pythons
  4 endoplasms
  6 giant cockroaches
  7 goblins
  7 hobgoblins
  10 kobolds
  4 quokkas
  7 bats
  7 frilled lizards
  34 rats
213 creatures vanquished.

Vanquished Creatures (others)
  4 plants (D:3)
4 creatures vanquished.

Grand Total: 217 creatures vanquished

Notes
Turn   | Place    | Note
-------+----------+-------------------------------------------
     0 | D:1      | Pimp the Gargoyle Earth Elementalist began the quest for
                  | the Orb.
     0 | D:1      | Reached XP level 1. HP: 10/10 MP: 3/3
   174 | D:1      | Reached skill level 1 in Transmutations
   174 | D:1      | Reached XP level 2. HP: 15/15 MP: 0/5
   460 | D:1      | You fall into a shaft and drop 1 floor!
  1052 | D:2      | Reached XP level 3. HP: 17/19 MP: 1/6
  1149 | D:2      | Reached skill level 4 in Earth Magic
  1702 | D:3      | Learned a level 3 spell: Stone Arrow
  1774 | D:3      | Reached XP level 4. HP: 10/24 MP: 2/7
  1951 | D:3      | Noticed Terence
  1966 | D:3      | Killed Terence
  1967 | D:3      | Reached XP level 5. HP: 25/28 MP: 6/8
  2188 | D:3      | Found a faded altar of an unknown god.
  2559 | D:4      | Noticed Blork the orc
  2717 | D:4      | Reached XP level 6. HP: 32/32 MP: 6/10
  2724 | D:4      | Killed Blork the orc
  2725 | D:4      | Reached skill level 5 in Earth Magic
  3219 | D:4      | Reached XP level 7. HP: 11/36 MP: 9/12
  3512 | D:4      | Found Darawak's Lightly-Used Armoury.
  3582 | D:5      | Entered Level 5 of the Dungeon
  3672 | D:5      | Found a stormy altar of Qazlal.
  3689 | D:5      | Found a glowing drain.
  3696 | Sewer    | Entered a sewer
  4721 | D:5      | Reached skill level 5 in Stealth
  4721 | D:5      | Reached skill level 6 in Earth Magic
  4721 | D:5      | Reached XP level 8. HP: 21/41 MP: 9/14
  5226 | D:5      | Identified a scroll of acquirement
  5226 | D:5      | Acquired 1027 gold pieces
  5599 | D:6      | Noticed Edmund
  5606 | D:6      | Killed Edmund
  5607 | D:6      | Reached skill level 7 in Earth Magic
  5607 | D:6      | Reached XP level 9. HP: 39/45 MP: 12/16
  5741 | D:6      | Reached skill level 5 in Spellcasting
  5757 | D:6      | Noticed Eustachio
  5761 | D:6      | Killed Eustachio
  6131 | D:6      | Identified the +4 long sword "Zagh" {venom, rF+ rC- Will++
                  | Dex+3}
  6751 | D:7      | Found a staircase to the Ecumenical Temple.
  6785 | Temple   | Entered the Ecumenical Temple
  6945 | Temple   | Became a worshipper of Vehumet
  6973 | D:7      | Reached skill level 5 in Dodging
  6987 | D:7      | Reached skill level 8 in Earth Magic
  7019 | D:7      | Identified the +3 long sword "Death Rattle" {heavy, *Slow
                  | rPois rN+ Dex+3}
  7380 | D:7      | Reached skill level 5 in Transmutations
  8056 | D:7      | Found a sparkling altar of Nemelex Xobeh.
  8325 | D:8      | Reached XP level 10. HP: 16/50 MP: 13/18
  8621 | D:8      | Noticed Pikel
  8625 | D:8      | Noticed a two-headed ogre
  8629 | D:8      | Killed Pikel
  8731 | D:8      | Found a transporter.
  8737 | D:8      | Noticed a kobold demonologist
  8740 | D:8      | Noticed a kobold demonologist
  8765 | D:8      | Found a transporter.
  8941 | D:8      | Found Eghihatu's Firing Range.
  9087 | D:8      | Killed a two-headed ogre
  9370 | D:9      | Found a bloodstained altar of Trog.
  9386 | D:9      | Reached skill level 9 in Earth Magic
  9422 | D:9      | Learned a level 2 spell: Passwall
  9519 | D:9      | Reached * piety under Vehumet
  9519 | D:9      | Offered knowledge of Foxfire by Vehumet.
  9800 | D:9      | Noticed a brown ugly thing
  9818 | D:9      | Identified the +1 chain mail "Mienoff" {Str-3 Int+7 Stlth+}
  9829 | D:9      | Splashed by a brown ugly thing's acid

Illustrated notes

Levels and vault maps discovered:
D:1:      onia_arrival_pyramid, layout_basic
D:2:      layout_loops_ring
D:3:      cheibrodos_old_hovel, layout_loops_ring,
          hellmonk_ecumenical_altar_arch_garden, lightli_corner_chamber,
          uniq_terence
D:4:      layout_rooms, minmay_shop_damaged, uniq_blork_the_orc
D:5:      layout_loops_cross, nicolae_qazlal_beasts_of_the_sky,
          portal_sewer_entry_b, minmay_increasing_density
D:6:      layout_basic, serial_bayou, serial_bayou_ford_a, serial_bayou_pond_b,
          serial_bayou_pond_c, serial_bayou_lagoon_a, uniq_edmund,
          uniq_eustachio
D:7:      layout_layer_cave, nicolae_overflow_hidden_temple,
          minmay_temple_entry_waves, minmay_misc_feat_more_columns
D:8:      gammafunk_wand_slinger, layout_loops_ring, nicolae_shop_firing_range,
          uniq_pikel
D:9:      layout_rooms, minitemple, mainiacjoe_overflow_concentric_impassable,
          chequers_mini_garden, minmay_mirror_moons_of_madness
Temple:   nicolae_temple_figure_eight

Skill      XL: |  1  2  3  4  5  6  7  8  9 10 |
---------------+-------------------------------+-----
Transmutations | 1 2 3 4 5 6 |  6.0
Earth Magic    | 4 5 6 7 8 9 |  9.3
Dodging        | 2 3 4 5 6 |  6.1
Stealth        | 3 4 5 6 7 8 |  8.7
Spellcasting   | 3 4 5 6 |  6.8

Action                     |  1- 3 |  4- 6 |  7- 9 | 10-12 || total
---------------------------+-------+-------+-------+-------++-------
  Melee: Staff             |     6 |     4 |    23 |     2 ||    35
   Cast: Sandblast         |    55 |    54 |   191 |    62 ||   362
         Stone Arrow       |       |       |       |     2 ||     2
    Use: Scroll            |     4 |     2 |     9 |     1 ||    16
         Potion            |     1 |     2 |     1 |       ||     4
   Stab: Sleeping          |     1 |       |     1 |       ||     2
 Armour: Robe              |     7 |    26 |    81 |    31 ||   145
  Dodge: Dodged            |    24 |    42 |   137 |    33 ||   236

Table legend: (Time is in decaauts)
 A = Elapsed time spent in this place.
 B = Non-inter-level travel time spent in this place.
 C = Inter-level travel time spent in this place.
 D = Time resting spent in this place.
 E = Time spent auto-exploring this place.
 F = Levels seen in this place.
 G = Mean time per level.
                   A        B        C        D        E       F      G
               +--------+--------+--------+--------+--------+-----+--------+
         Total |  10070 |   9675 |    395 |   2345 |   5087 |  11 |  915.5 |
       Dungeon |   9095 |   8742 |    353 |   1975 |   4812 |   9 | 1010.6 |
        Temple |    172 |    130 |     42 |      0 |    127 |   1 |  172.0 |
         Sewer |    802 |    802 |      0 |    370 |    148 |   1 |  802.0 |
               +--------+--------+--------+--------+--------+-----+--------+

Top non-repeatable levels by time:
     D:7: 1387 daAuts
     D:8: 1302 daAuts
     D:6: 1251 daAuts
     D:5: 1230 daAuts
     D:3: 1160 daAuts
     D:1: 948 daAuts
     D:4: 821 daAuts
   Sewer: 802 daAuts
     D:2: 720 daAuts
     D:9: 272 daAuts
  Temple: 172 daAuts
